 Dungeon Crawl Stone Soup version 0.29-a0-972-g43c84944fd (webtiles) character file.

Game seed: 6495427792458651313

15071 mardmx the Covert (level 11, 0/55 HPs)
             Began as a Spriggan Enchanter on July 31, 2022.
             Was a Priest of Dithmenos.
             Killed from afar by Azrael (46 damage)
             ... with damnation
             ... on level 12 of the Dungeon.
             The game lasted 00:26:12 (13811 turns).

mardmx the Covert (Spriggan Enchanter)             Turns: 13811, Time: 00:26:13

Health: 0/55       AC:  7    Str:  8    XL:     11   Next: 97%
Magic:  27/27      EV: 24    Int: 18    God:    Dithmenos [***...]
Gold:   755        SH:  0    Dex: 21    Spells: 22/33 levels left

rFire   + . .      SeeInvis +   k - +4 dagger (speed)
rCold   + . .      Faith    .   (no shield)
rNeg    . . .      Spirit   .   u - +2 steam dragon scales
rPois   +          Reflect  .   E - +0 hat
rElec   +          Harm     .   (no cloak)
rCorr   +          Rampage  .   (gloves unavailable)
Will    +....                   (boots unavailable)
Stlth   ++++++++..              (no amulet)
HPRegen 0.18/turn               G - +6 ring of dexterity
MPRegen 0.20/turn               y - +4 ring of slaying

@: resistant, hasted, wreathed by umbra, very quick
A: very small, no large weapons, unfitting armour, see invisible, speed 3,
screaming 1
a: Renounce Religion, Shadow Step


You were on level 12 of the Dungeon.
You worshipped Dithmenos.
Dithmenos was most pleased with you.
You visited 2 branches of the dungeon, and saw 13 of its levels.
You also visited: Sewer.

You collected 782 gold pieces.
You spent 27 gold pieces at shops.

Inventory:

Hand Weapons
 g - a +3 dagger
 k - a +4 dagger of speed (weapon)
Missiles
 b - 4 atropa-tipped darts
 t - 3 curare-tipped darts (quivered)
Armour
 u - +2 steam dragon scales (worn)
 E - a +0 hat (worn)
Jewellery
 m - a ring of wizardry
 y - a +4 ring of slaying (right hand)
 G - a +6 ring of dexterity (left hand)
 H - a ring of resist corrosion
Wands
 l - a wand of mindburst (13)
 q - a wand of paralysis (14)
 x - a wand of iceblast (14)
 A - a wand of flame (6)
Scrolls
 a - 2 scrolls of magic mapping
 h - 13 scrolls of teleportation
 p - 3 scrolls of vulnerability
 v - a scroll of fear
 z - a scroll of amnesia
 B - 2 scrolls of identify
 C - a scroll of butterflies
Potions
 c - a potion of invisibility
 d - 3 potions of cancellation
 e - 5 potions of heal wounds
 i - 2 potions of lignification
 j - 6 potions of curing
 n - 2 potions of ambrosia
 o - 2 potions of magic
 r - 3 potions of might
 s - 2 potions of flight
 D - 2 potions of brilliance
 F - a potion of berserk rage


   Skills:
 + Level 5.0 Fighting
 + Level 6.9 Short Blades
 - Level 1.4 Throwing
 + Level 8.6 Dodging
 + Level 14.0 Stealth
 + Level 11.8 Spellcasting
 + Level 12.1 Hexes
 - Level 2.0 Evocations


You had 22 spell levels left.
You knew the following spells:

 Your Spells              Type           Power      Damage    Failure   Level
a - Ensorcelled Hibernat  Hex/Ice        64%        N/A       1%          2
b - Tukima's Dance        Hex            53%        N/A       1%          3
c - Dazzling Flash        Conj/Hex       64%        N/A       1%          3
d - Confusing Touch       Hex            53%        N/A       1%          3

Your spell library contained the following spells:

 Spells                   Type           Power      Damage    Failure   Level
 Anguish                  Hex/Necr       16%        N/A       5%          4
 Poisonous Vapours        Pois/Air       20%        N/A       10%         2
 Frozen Ramparts          Ice            20%        1d4       21%         3
 Spider Form              Tmut/Pois      10%        N/A       21%         3
 Corpse Rot               Necr/Pois/Air  10%        N/A       54%         4
 Ice Form                 Ice/Tmut       10%        N/A       54%         4
 Summon Ice Beast         Ice/Summ       10%        N/A       54%         4
 Blade Hands              Tmut           5%         N/A       88%         5
 Irradiate                Conj/Tmut      5%         3d13      88%         5
 Dragon Form              Tmut           5%         N/A       100%        7


Dungeon Overview and Level Annotations

Branches:
Dungeon (12/15)            Temple (1/1) D:6            Lair (0/5) D:11
    Orc (0/2) D:12          Sewer (visited)

Altars:
Ashenzari
Cheibriados
Dithmenos
Elyvilon
Fedhas
Gozag
Hepliaklqana
Kikubaaqudgha
Makhleb
Nemelex Xobeh
Okawaru
Qazlal
Ru
Sif Muna
Trog
Uskayaw
Vehumet
Wu Jian
Yredelemnul
Zin

Shops:
D:1 [   D:9 *   D:10 (

Annotations:
D:8 3 runed translucent doors, 2tc's ghost, novice DsGl
D:12 Azrael


Innate Abilities, Weirdness & Mutations

You are very small and have problems with some larger weapons.
You are too small for most types of armour.
You have supernaturally acute eyesight. (SInv)
You cover ground extremely quickly. (Speed+++)
You occasionally shout uncontrollably at your foes.


Message History

The fire elemental is severely damaged.
Unknown command.
Unknown command.
Aiming: Iceblast
Press: ? - help, Shift-Dir - straight line, f/p - fire elemental
Aim: a fire elemental (flame, severely damaged, umbra)
The mass of ice explodes!
The iceblast engulfs the fire elemental!
The fire elemental is frozen!
You destroy the fire elemental!
Dithmenos accepts your kill.
The iceblast engulfs the hell hound.
The hell hound is frozen!
The hell hound is moderately wounded.
Your Stealth skill increases to level 14!
Unknown command.
Unknown command.
Unknown command.
Aiming: Iceblast
Press: ? - help, Shift-Dir - straight line, f - hell hound
Aim: a hell hound (flame, moderately wounded, umbra)
The mass of ice explodes!
The iceblast engulfs the hell hound!
The hell hound is frozen!
The hell hound is heavily wounded.
The iceblast engulfs Azrael!
Azrael is frozen!
Azrael is moderately wounded.
Unknown command.
Unknown command.
Unknown command.
You puncture the hell hound!
The hell hound is almost dead.
The hell hound breathes flames at you. The blast of flame hits you! You resist.
You hit the hell hound.
You kill the hell hound!
Dithmenos accepts your kill.
Azrael says, "May your bottom itch incessantly and may your arms be too short to scratch it."
Azrael gestures at you.
The sphere of damnation explodes!
The damnation engulfs you!!!
Ouch! That really hurt!
You die...

.........##.# ###
##.##....##.####
...
......#.#.......
# #.#
#####....##.###.
#.#.# ##.#.#..#
#. °####.#.#
#.#.#.## #.
.h○E☼.R.#
#.#.#.####.
°°°°☼☼#†####
#.#....>... °####
#.†@)#
#.#>#.####.
####.# #.#.#!# #.
#.# #.#.#.####.
#.#####..........
#....)<...#..###.
############.###.
#.#... #.#.##
#.#.#


You could see Azrael.

Vanquished Creatures
  Erica (D:9)
  A boulder beetle (D:12)
  4 two-headed ogres
  An ugly thing (D:11)
  3 gargoyles
  An unseen horror (D:11)
  3 komodo dragons
  2 trolls (D:10)
  A wraith (D:12)
  2 basilisks (D:11)
  18 yaks
  3 fire elementals (D:12)
  3 wyverns
  2 steam dragons
  Menkaure (D:5)
  An acid dragon (D:8)
  A water moccasin (D:6)
  3 hell hounds (D:12)
  A swamp drake (D:11)
  2 orc warriors
  3 black bears
  An ogre (D:5)
  3 centaurs
  A phantom (D:7)
  A kobold brigand (D:7)
  2 bullfrogs
  A gnoll sergeant (D:9)
  2 necrophages
  A scorpion (D:6)
  A wight (D:8)
  4 killer bees (D:9)
  A howler monkey (D:10)
  6 hounds
  A jelly (D:7)
  4 orc priests
  2 iguanas
  2 hell rats (D:7)
  8 orc wizards
  3 gnolls (D:9)
  12 river rats
  15 adders
  A white imp (D:8)
  3 worms
  29 orcs
  12 ball pythons
  7 bats
  6 endoplasms
  4 giant cockroaches
  10 goblins
  14 hobgoblins
  3 jackals (D:1)
  10 kobolds
  8 quokkas
  7 frilled lizards
  25 rats
267 creatures vanquished.

Vanquished Creatures (collateral kills)
  2 two-headed ogres
  A yak (D:8)
  An orc warrior (D:8)
  2 wights (D:8)
  2 gnolls (D:9)
  An orc (D:8)
9 creatures vanquished.

Vanquished Creatures (others)
  5 dancing weapons
5 creatures vanquished.

Grand Total: 281 creatures vanquished

Notes
Turn   | Place    | Note
-------+----------+-------------------------------------------
     0 | D:1      | mardmx the Spriggan Enchanter began the quest for the Orb.
     0 | D:1      | Reached XP level 1. HP: 9/9 MP: 5/5
   397 | D:1      | Reached XP level 2. HP: 12/13 MP: 7/7
   400 | D:1      | Learned a level 2 spell: Ensorcelled Hibernation
   767 | D:1      | Found a faded altar of an unknown god.
  1083 | D:1      | Reached XP level 3. HP: 16/16 MP: 9/9
  1088 | D:1      | Learned a level 3 spell: Tukima's Dance
  1092 | D:1      | Learned a level 3 spell: Confusing Touch
  1308 | D:1      | Found Qefueny's Antique Armour Emporium.
  1725 | D:2      | Reached XP level 4. HP: 21/21 MP: 8/11
  1727 | D:2      | Reached skill level 5 in Hexes
  2851 | D:3      | Reached skill level 5 in Spellcasting
  2851 | D:3      | Reached XP level 5. HP: 24/24 MP: 11/13
  3206 | D:3      | Identified the +1 ring mail of Satisfaction {rPois Slay+3
                  | Stlth+}
  3208 | D:3      | Noticed a centaur
  3225 | D:3      | Killed a centaur
  3226 | D:3      | Reached XP level 6. HP: 17/28 MP: 9/15
  3977 | D:4      | Found a glowing drain.
  3988 | Sewer    | Entered a sewer
  4623 | D:4      | Reached skill level 5 in Stealth
  5197 | D:4      | Learned a level 3 spell: Dazzling Flash
  5204 | D:5      | Entered Level 5 of the Dungeon
  5382 | D:5      | Gained mutation: You occasionally shout uncontrollably at
                  | your foes. [potion of mutation]
  5540 | D:5      | Reached XP level 7. HP: 32/32 MP: 17/17
  5668 | D:5      | Noticed Menkaure
  5692 | D:5      | Killed Menkaure
  5693 | D:5      | Reached skill level 6 in Stealth
  6131 | D:5      | Reached skill level 7 in Stealth
  6773 | D:6      | Reached XP level 8. HP: 35/36 MP: 16/20
  6859 | D:6      | Reached skill level 8 in Stealth
  7015 | D:6      | Found a staircase to the Ecumenical Temple.
  7544 | Temple   | Entered the Ecumenical Temple
  7601 | Temple   | Became a worshipper of Dithmenos the Shadowed
  7953 | D:7      | Reached skill level 9 in Stealth
  8051 | D:7      | Noticed a two-headed ogre
  8748 | D:7      | HP: 1/36 [two-headed ogre (4)]
  8752 | D:7      | Killed a two-headed ogre
  8753 | D:7      | Reached skill level 10 in Stealth
  8753 | D:7      | Reached XP level 9. HP: 1/39 MP: 4/23
  9212 | D:7      | Reached skill level 1 in Evocations
  9270 | D:7      | Reached skill level 1 in Throwing
  9296 | D:7      | Reached * piety under Dithmenos
  9523 | D:8      | Found a runed translucent gate.
  9523 | D:8      | Found a runed translucent gate.
  9523 | D:8      | Found a runed translucent gate.
  9569 | D:8      | Reached skill level 1 in Fighting
  9569 | D:8      | Reached skill level 10 in Hexes
  9989 | D:8      | You fall into a shaft and drop 3 floors!
  9989 | D:11     | Found an iron altar of Okawaru.
 10009 | D:10     | Entered Level 10 of the Dungeon
 10015 | D:10     | Reached skill level 11 in Stealth
 10035 | D:10     | Reached skill level 10 in Spellcasting
 10206 | D:10     | Noticed a troll
 10213 | D:10     | Killed a troll
 10214 | D:10     | Reached XP level 10. HP: 46/46 MP: 22/25
 10260 | D:10     | Found Topos's Weapon Emporium.
 10284 | D:9      | Found Byreso's Assorted Antiques.
 10298 | D:9      | Bought a yellow potion for 27 gold pieces
 10377 | D:8      | Noticed 2tc's ghost (novice DsGl)
 10591 | D:8      | Noticed a two-headed ogre
 10716 | D:8      | Killed a two-headed ogre
 10717 | D:8      | Reached skill level 5 in Dodging
 10785 | D:8      | Identified the +9 triple crossbow of Chaos {elec, *Corrode
                  | rC+ Str+5 SInv}
 11146 | D:9      | Reached ** piety under Dithmenos
 11349 | D:9      | Noticed Erica
 11351 | D:9      | Reached skill level 12 in Stealth
 11367 | D:9      | Killed Erica
 11515 | D:9      | Noticed a two-headed ogre
 11524 | D:9      | Killed a two-headed ogre
 11831 | D:9      | Found a stormy altar of Qazlal.
 11906 | D:9      | Found a hazy altar of Hepliaklqana.
 12012 | D:10     | Reached skill level 5 in Short Blades
 12171 | D:10     | Reached XP level 11. HP: 53/53 MP: 16/26
 12274 | D:10     | Noticed a two-headed ogre
 12280 | D:10     | Killed a two-headed ogre
 12514 | D:10     | Noticed a two-headed ogre
 12520 | D:10     | Killed a two-headed ogre
 12521 | D:10     | Reached skill level 13 in Stealth
 12812 | D:11     | Found a staircase to the Lair.
 13183 | D:11     | Noticed a brown ugly thing
 13189 | D:11     | Killed a brown ugly thing
 13579 | D:12     | Found a staircase to the Orcish Mines.
 13726 | D:12     | Noticed a two-headed ogre
 13733 | D:12     | Killed a two-headed ogre
 13776 | D:12     | Noticed a boulder beetle
 13780 | D:12     | Killed a boulder beetle
 13780 | D:12     | Reached *** piety under Dithmenos
 13781 | D:12     | Reached skill level 5 in Fighting
 13794 | D:12     | Noticed Azrael
 13809 | D:12     | Reached skill level 14 in Stealth
 13811 | D:12     | Killed from afar by Azrael

Illustrated notes

Levels and vault maps discovered:
D:1:      eino_arrival_cavern_d, layout_basic, chequers_ecumenical_altar_simple,
          serial_shops, nicolae_square_shop, item_on_display_b
D:2:      layout_loops_cross, minmay_diced_spiral
D:3:      layout_basic
D:4:      layout_loops_ring, gup_sewer_entry_bowl
D:5:      layout_basic, uniq_menkaure
D:6:      layout_loops_ring, minmay_temple_entry_from_below_a
D:7:      lemuel_ratsnest, layout_basic, grunt_ministairs_12
D:8:      layout_gridville, gammafunk_ghost_icy, chequers_serial_rivers_small_b,
          minmay_checkerbox
D:9:      layout_rooms, mainiacjoe_overflow_swirl, serial_shops,
          nicolae_shop_advertising_works [nicolae_subvault_shop_adworks],
          uniq_erica
D:10:     layout_basic, serial_glass, glass_columns_a, glass_columns_a,
          serial_shops, nicolae_shop_waterfront
D:11:     layout_loops_ring, erik_lair_dragon, okawaru_ov_weapons_minmay
D:12:     layout_loops_ring, minmay_orc_entry_temple_small,
          minmay_misc_feat_pillars, uniq_azrael
Temple:   nicolae_temple_bog_church

Skill      XL: |  1  2  3  4  5  6  7  8  9 10 11 |
---------------+----------------------------------+-----
Spellcasting   | 3 4 5 6 7 9 10 11 | 11.8
Hexes          | 4 5 6 7 8 9 10 11 12 | 12.1
Stealth        | 5 7 10 11 12 14 | 14.0
Dodging        | 4 6 8 |  8.6
Evocations     | 2 |  2.0
Throwing       | 1 |  1.4
Fighting       | 2 3 5 |  5.0
Short Blades   | 3 5 6 |  6.9

Action                   |  1- 3 |  4- 6 |  7- 9 | 10-12 || total
-------------------------+-------+-------+-------+-------++-------
Melee: Dagger            |   104 |   294 |   206 |   159 ||   763
       Punch             |       |     3 |     1 |       ||     4
 Cast: Ensorcelled Hiber |     8 |    36 |    71 |    50 ||   165
       Confusing Touch   |       |     2 |     4 |     4 ||    10
       Tukima's Dance    |       |       |     6 |    27 ||    33
Evoke: Wand              |       |       |       |     8 ||     8
  Use: Scroll            |     7 |    13 |     6 |     7 ||    33
       Potion            |       |     2 |     2 |     2 ||     6
 Stab: Sleeping          |    15 |    27 |    44 |    43 ||   129
       Distracted        |     1 |       |     2 |     1 ||     4
       Invisible         |       |     6 |     1 |       ||     7
       Confused          |       |     1 |     2 |     5 ||     8
Armor: Robe              |    13 |    23 |     7 |       ||    43
       Steam dragon scal |       |       |     8 |    12 ||    20
Dodge: Dodged            |    88 |   212 |   136 |    91 ||   527

Table legend: (Time is in decaauts)
 A = Elapsed time spent in this place.
 B = Non-inter-level travel time spent in this place.
 C = Inter-level travel time spent in this place.
 D = Time resting spent in this place.
 E = Time spent auto-exploring this place.
 F = Levels seen in this place.
 G = Mean time per level.
                   A        B        C        D        E       F      G
               +--------+--------+--------+--------+--------+-----+--------+
         Total |  10629 |  10360 |    269 |    609 |   7918 |  14 |  759.2 |
       Dungeon |  10069 |   9812 |    257 |    609 |   7518 |  12 |  839.1 |
        Temple |     48 |     37 |     11 |      0 |     24 |   1 |   48.0 |
         Sewer |    511 |    511 |      0 |      0 |    375 |   1 |  511.0 |
               +--------+--------+--------+--------+--------+-----+--------+

Top non-repeatable levels by time:
     D:7: 1371 daAuts
     D:1: 1162 daAuts
     D:5: 964 daAuts
     D:8: 935 daAuts
     D:6: 912 daAuts
     D:3: 877 daAuts
     D:4: 827 daAuts
     D:2: 808 daAuts
    D:10: 798 daAuts
     D:9: 647 daAuts
    D:11: 549 daAuts
   Sewer: 511 daAuts
    D:12: 214 daAuts
  Temple: 48 daAuts
